Map: 16-Bit LE

Players

Harstem

  • Race: Protoss Protoss
  • Spawn Location: 7:00

Nerchio - Winner!

  • Race: Zerg Zerg
  • Spawn Location: 1:00

Event: WCS Valencia 2018

VOD

Have the link to the VOD?

Description

Time

  • Played on: July 13, 2018, 12:02 p.m.
  • Length: 11:29

All games in this series

Show
View Real Time Build Order
Export as new Build Order

Harstem Protoss 

Build Orders: 1 Gate Expand, Oracle Opening, Zealot Archon 

Get SALT Encoding   

  12  0:00  Probe  
  13  0:13  Probe  
  14  0:19  Pylon  
  14  0:25  Probe  
  15  0:33  Probe  
  15  0:40  Gateway  
  15  0:41  Probe  
  17  0:51  Probe  
  17  0:54  Assimilator  
  18  1:03  Probe  
  19  1:15  Probe  
  20  1:26  Nexus  
  20  1:36  Cybernetics Core  
  20  1:39  Probe  
  21  1:51  Probe  
  21  1:52  Assimilator  
  22  1:54  Pylon  
  22  2:03  Adept, Probe  
  23  2:15  Probe  
  26  2:22  Stargate  
  26  2:27  Probe  
  27  2:33  Stalker  
  27  2:34  Probe  
  28  2:39  Probe  
  28  2:42  Warp Gate, Probe  
  31  2:51  Probe  
  31  2:52  Probe  
  31  2:58  Oracle  
  33  3:03  Probe  
  33  3:04  Probe  
  38  3:16  Probe  
  38  3:17  Probe  
  38  3:19  Pylon  
  40  3:25  Oracle  
  40  3:28  Probe  
  40  3:29  Probe  
  42  3:40  Probe  
  46  3:41  Probe  
  46  3:46  Assimilator  
  46  3:48  Gateway  
  47  3:49  Assimilator  
  47  3:52  Probe  
  47  3:53  Probe  
  49  4:04  Probe  
  49  4:05  Probe  
  49  4:07  Nexus  
  51  4:11  Pylon  
  51  4:12  Probe  
  51  4:13  Probe  
  51  4:14  Pylon  
  53  4:20  Probe  
  53  4:26  Forge, Probe  
  53  4:30  Probe  
  55  4:31  Twilight Council  
  55  4:38  Probe  
  57  4:42  Gateway  
  57  4:44  Gateway  
  57  4:47  Sentry  
  57  4:48  Probe  
  57  4:52  Protoss Ground Weapons Level 1, Probe  
  61  4:55  Robotics Facility  
  61  4:57  Zealot  
  63  5:00  Probe  
  64  5:11  Charge  
  64  5:12  Probe  
  64  5:13  Probe  
  63  5:18  Probe  
  64  5:24  Probe  
  64  5:27  Gateway  
  64  5:28  Probe  
  66  5:29  Gateway  
  66  5:30  Probe  
  66  5:31  Gateway  
  66  5:35  Zealot  
  69  5:37  Probe  
  69  5:38  Pylon  
  69  5:39  Warp Prism  
  69  5:40  Probe  
  71  5:48  Shield Battery  
  71  5:49  Probe  
  74  5:52  Zealot, Probe  
  78  5:57  Templar Archives  
  78  5:59  Gateway  
  78  6:00  Probe  
  78  6:04  Assimilator  
  78  6:07  Assimilator  
  78  6:10  Probe  
  78  6:11  Observer, Pylon  
  79  6:14  Probe, Pylon  
  79  6:15  Probe  
  82  6:19  Zealot x3  
  82  6:24  Probe  
  89  6:30  Psionic Storm, Probe  
  89  6:32  Forge  
  90  6:33  Pylon  
  90  6:36  Protoss Ground Weapons Level 2  
  90  6:37  High Templar x4  
  99  6:43  High Templar  
  99  6:44  Zealot, High Templar  
  99  6:47  Pylon  
  104  6:49  Archon  
  104  6:56  Warp Prism  
  104  6:59  Pylon  
  104  7:00  Pylon  
  104  7:03  Photon Cannon  
  106  7:09  Zealot x3  
  106  7:10  Zealot  
  106  7:13  High Templar x2  
  118  7:17  Archon  
  116  7:28  Nexus  
  116  7:31  Pylon, High Templar x2, Probe  
  116  7:32  Zealot x2  
  116  7:36  Protoss Ground Armor Level 1  
  125  7:41  Phoenix  
  125  7:43  Gateway  
  125  7:45  Shield Battery  
  125  7:46  Gateway  
  125  7:47  Archon  
  125  7:48  Immortal, Shield Battery  
  127  7:54  Shield Battery  
  129  8:07  High Templar x2, Probe  
  129  8:10  Shield Battery  
  129  8:11  Archon  
  129  8:12  Zealot x3  
  140  8:17  Assimilator  
  138  8:22  Assimilator  
  138  8:26  Immortal  
  142  8:29  Zealot  
  142  8:30  Zealot x2  
  146  8:40  Zealot x3  
  152  8:43  Zealot x2  
  152  8:44  Zealot x2  
  152  8:46  Probe  
  143  8:56  High Templar x2  
  143  8:57  Immortal  
  143  8:59  Photon Cannon  
  143  9:02  Archon  
  143  9:03  Photon Cannon  
  143  9:05  Shield Battery  
  143  9:07  High Templar  
  143  9:08  High Templar  
  133  9:18  Probe  
  133  9:19  Zealot x4  
  125  9:27  Zealot  
  124  9:46  Probe  
  124  9:49  High Templar x2  
  127  9:56  Archon  
  120  10:04  Probe x2  
  120  10:05  Probe  
  123  10:07  Pylon  
  123  10:09  High Templar x2  
  123  10:10  Zealot x2  
  123  10:12  Probe, Pylon  
  123  10:13  Archon  
  131  10:17  Probe  
  131  10:18  Probe  
  122  10:21  Pylon  
  122  10:22  High Templar  
  122  10:23  High Templar  
  122  10:27  Archon  
  126  10:30  Warp Prism  
  126  10:34  Zealot x3, High Templar x2  
  136  10:42  Archon  
  138  10:45  Probe x2  
  139  10:54  Photon Cannon, High Templar x2  
  139  10:56  Photon Cannon  
  143  10:59  Archon  
  143  11:02  Zealot  
  145  11:08  Zealot x3  
  145  11:09  Zealot  
  139  11:14  Zealot  
  113  11:25  Zealot x2  
Show
View Real Time Build Order
Export as new Build Order

Nerchio Zerg - Winner!

Build Orders: Hatch First 

Get SALT Encoding   

  12  0:00  Drone  
  13  0:12  Overlord  
  13  0:17  Drone  
  14  0:31  Drone x2  
  14  0:34  Drone  
  17  0:52  Hatchery  
  17  0:55  Drone  
  17  0:59  Drone  
  18  1:09  Extractor  
  17  1:14  Spawning Pool  
  17  1:17  Drone  
  17  1:20  Drone  
  18  1:28  Drone  
  19  1:40  Overlord  
  19  1:49  Drone  
  20  2:00  Queen  
  20  2:01  Zergling x2  
  23  2:04  Zergling x2, Queen  
  23  2:08  Metabolic Boost  
  26  2:11  Drone  
  26  2:15  Drone  
  28  2:22  Drone  
  29  2:27  Drone  
  30  2:38  Hatchery  
  30  2:40  Drone  
  30  2:43  Drone  
  31  2:44  Drone  
  31  2:50  Overlord  
  32  2:56  Queen  
  35  2:58  Zergling x2  
  35  3:01  Zergling x2  
  36  3:10  Overlord  
  36  3:11  Drone x3  
  39  3:17  Drone x2  
  41  3:26  Overlord  
  41  3:28  Drone  
  41  3:29  Drone x2  
  44  3:38  Overlord  
  44  3:41  Spore Crawler, Drone  
  44  3:45  Lair  
  44  3:46  Drone x2  
  44  3:47  Drone  
  47  3:50  Drone  
  47  3:51  Drone  
  47  3:53  Drone  
  50  3:56  Drone  
  50  3:57  Drone  
  50  4:01  Drone x2  
  53  4:04  Drone  
  53  4:05  Drone  
  53  4:07  Extractor, Drone  
  53  4:08  Extractor  
  54  4:15  Spore Crawler  
  54  4:16  Queen  
  53  4:17  Drone  
  53  4:19  Drone  
  53  4:20  Drone  
  53  4:23  Drone  
  59  4:27  Overlord  
  59  4:28  Drone  
  60  4:35  Spore Crawler  
  60  4:36  Drone x4  
  63  4:38  Drone  
  63  4:45  Spore Crawler  
  63  4:46  Hydralisk Den, Drone  
  63  4:47  Drone  
  63  4:49  Drone  
  63  4:52  Extractor, Drone  
  65  4:53  Drone  
  65  4:57  Drone x2  
  65  4:58  Drone  
  68  5:01  Evolution Chamber  
  68  5:03  Overlord  
  68  5:05  Drone  
  68  5:06  Drone  
  68  5:10  Drone x2  
  68  5:11  Drone  
  68  5:12  Drone  
  70  5:15  Muscular Augments  
  70  5:23  Extractor, Drone x3  
  70  5:26  Baneling Nest  
  71  5:28  Overlord x2  
  70  5:41  Drone x2  
  72  5:44  Drone x4  
  72  5:45  Extractor  
  72  5:46  Hatchery, Drone x2  
  72  5:47  Drone  
  77  5:54  Zergling x2, Zerg Melee Weapons Level 1  
  77  5:55  Zergling x6  
  77  5:56  Zergling x2  
  82  6:00  Drone  
  82  6:01  Drone x3  
  86  6:09  Evolution Chamber  
  86  6:11  Queen  
  85  6:14  Overlord  
  85  6:18  Centrifical Hooks  
  87  6:20  Hydralisk  
  87  6:21  Hydralisk x2  
  87  6:23  Hydralisk  
  87  6:25  Hydralisk  
  96  6:27  Grooved Spines  
  96  6:31  Overlord  
  96  6:32  Overlord x2  
  96  6:44  Zerg Missile Weapons Level 1  
  96  6:50  Overlord x2  
  96  6:51  Drone  
  96  6:52  Drone x11  
  108  6:57  Infestation Pit, Overseer  
  108  6:59  Hydralisk x2  
  111  7:02  Hydralisk  
  111  7:03  Hydralisk  
  111  7:06  Hydralisk  
  117  7:08  Hydralisk  
  117  7:10  Extractor  
  117  7:11  Hydralisk  
  117  7:15  Hydralisk, Spore Crawler  
  119  7:18  Hydralisk  
  119  7:19  Hydralisk  
  119  7:22  Pneumatized Carapace, Hydralisk  
  125  7:27  Hydralisk x2  
  125  7:28  Hydralisk  
  132  7:30  Overlord  
  132  7:39  Hydralisk  
  132  7:40  Hydralisk x4  
  132  7:44  Overlord x2  
  142  7:46  Overlord  
  142  7:56  Zerg Melee Weapons Level 2  
  142  7:57  Zergling x2  
  142  7:58  Zergling x4, Hatchery  
  144  8:06  Zergling x18  
  153  8:23  Zergling x20  
  153  8:27  Overlord  
  163  8:30  Zergling x2  
  163  8:31  Zergling x6  
  164  8:37  Zergling x6  
  163  8:41  Overlord  
  163  8:44  Zergling x6  
  163  8:47  Zergling x8  
  161  8:52  Hydralisk x3  
  165  8:56  Hydralisk  
  165  8:59  Hydralisk x2  
  165  9:03  Hive  
  165  9:04  Spire  
  165  9:05  Hydralisk  
  165  9:06  Hydralisk  
  163  9:10  Overlord  
  163  9:16  Overlord x2  
  163  9:18  Baneling x7  
  154  9:24  Baneling x10  
  154  9:26  Hydralisk  
  154  9:28  Zergling x2  
  153  9:37  Drone x4  
  153  9:38  Overlord  
  157  9:39  Zergling x10  
  158  9:49  Drone x3  
  158  9:55  Hydralisk x6  
  158  9:57  Zergling x2  
  158  9:58  Zergling x2  
  167  10:08  Zergling x14  
  167  10:10  Zergling x2  
  167  10:12  Zergling x4  
  170  10:33  Zergling x14  
  177  10:39  Hatchery  
  177  10:40  Extractor, Zergling x2  
  177  10:41  Zergling x14  
  183  10:43  Overlord  
  183  10:47  Overlord x2  
  183  10:57  Overlord  
Tags
 
Add a new tag
Caveats
  • Supply blocks, unpowered buildings, or Contaminate may cause inaccurate times.
  • Supply counts are checked every 10 seconds.